 Dungeon Crawl Stone Soup version 0.19.5 (webtiles) character file.

668 Mesmaeker13 the Skirmisher (level 7, -1/74 HPs)
             Began as an Ogre Hunter on Apr 8, 2017.
             Was an Initiate of Trog.
             Killed from afar by an orc (20 damage)
             ... with a wand of lightning
             ... on level 5 of the Dungeon.
             The game lasted 00:11:54 (7242 turns).

Mesmaeker13 the Skirmisher (Ogre Hunter)            Turns: 7242, Time: 00:11:55

Health: -1/74      AC:  3    Str: 20    XL:     7   Next: 58%
Magic:  7/7        EV: 11    Int: 10    God:    Trog [......]
Gold:   205        SH:  0    Dex: 10    Spells: 0 memorised, 6 levels left

rFire  . . .     SeeInvis .     D - +1 whip (flame)
rCold  . . .     Gourm    +     b - +0 robe
rNeg   . . .     Faith    .     (no shield)
rPois  +         Spirit   .     (helmet restricted)
rElec  .         Reflect  .     (no cloak)
rCorr  .         Harm     .     (gloves unavailable)
MR     .....                    (boots unavailable)
Stlth  ++........               k - amulet of the gourmand
                                y - ring of stealth
                                n - ring of poison resistance

@: no status effects
A: unfitting armour, tough skin 1
a: Burn Spellbooks, Renounce Religion


You were on level 5 of the Dungeon.
You worshipped Trog.
Trog was noncommittal.
You were very full.

You visited 1 branch of the dungeon, and saw 5 of its levels.

You collected 205 gold pieces.

Inventory:

Hand Weapons
 h - a +0 giant club
 s - a +0 giant spiked club
 D - a +1 whip of flaming (weapon)
Missiles
 e - 4 tomahawks
 v - 83 stones
 w - 3 curare-tipped needles
 A - 3 large rocks (quivered)
Armour
 b - a +0 robe (worn)
Jewellery
 k - an amulet of the gourmand (around neck)
 n - a ring of poison resistance (left hand)
 y - a ring of stealth (right hand)
Wands
 q - a wand of slowing (15/48)
Scrolls
 c - a scroll of amnesia
 d - a scroll of recharging {unknown}
 g - 3 scrolls of remove curse
 i - a scroll of magic mapping
 j - a scroll of fear
 m - a scroll of random uselessness {unknown}
 o - a scroll of blinking
 r - a scroll of noise {unknown}
 t - a scroll of enchant armour
Potions
 a - a potion of haste
 u - a potion of degeneration
Comestibles
 f - 4 bread rations
 x - a meat ration
 z - a royal jelly
 C - a beef jerky


   Skills:
 + Level 5.9 Fighting
 + Level 4.9 Maces & Flails
 + Level 5.8 Throwing
 + Level 3.8 Dodging
 - Level 0.6 Stealth


You had 6 spell levels left.
You didn't know any spells.

Dungeon Overview and Level Annotations

Branches:
Dungeon (5/15)             Temple (0/1) D:4

Altars:
Gozag
Okawaru
Trog
Uskayaw


Innate Abilities, Weirdness & Mutations

You are too large for most types of armour.
You have tough skin. (AC +1)


Message History

The orc closely misses you. The orc hits you but does no damage.
You closely miss the orc. The orc hits you with a hand axe.
You hit the orc. You burn the orc.
The orc is moderately wounded.
The orc closely misses you. The orc hits you with a hand axe!
You closely miss the orc. The orc hits you but does no damage.
You hit the orc but do no damage. The orc closely misses you.
The orc barely misses you.
You barely miss the orc. The orc hits you with a hand axe.
* * * LOW HITPOINT WARNING * * *
The orc hits you with an enchanted dagger.
* * * LOW HITPOINT WARNING * * *
You closely miss the orc. The orc barely misses you.
The orc closely misses you.
You hit the orc but do no damage. The orc hits you but does no damage.
The orc barely misses you.
You hit the orc. You burn the orc.
The orc is heavily wounded.
The orc zaps a wand.
The bolt of lightning hits you!
You die...

######### .......#
#......# ###......#
........# #......#
#..oo..#####
###@##......
#.#...#####
#.........#
#############...###.#
#..............## #.#
. #.############.#
#.# . #.# ### #.# .
#.# #.# . ####.# #.#


You could see 2 orcs.

Vanquished Creatures
  2 ogres
  A big kobold (D:5)
  A crimson imp (D:5)
  2 hounds
  2 orc priests
  An iguana (D:4)
  A worker ant (D:4)
  An orc wizard (D:5)
  6 adders
  5 gnolls
  An adder skeleton (D:4)
  2 dart slugs
  A leopard gecko (D:4)
  12 orcs
  7 giant cockroaches
  9 goblins
  10 hobgoblins
  6 jackals
  9 kobolds
  2 quokkas (D:4)
  2 ball pythons
  7 bats
  3 frilled lizards
  3 rats
96 creatures vanquished.

Vanquished Creatures (others)
  A giant cockroach (D:5)
1 creature vanquished.

Grand Total: 97 creatures vanquished

Notes
Turn   | Place    | Note
-------+----------+-------------------------------------------
     0 | D:1      | Mesmaeker13 the Ogre Hunter began the quest for the Orb.
     0 | D:1      | Reached XP level 1. HP: 22/22 MP: 1/1
    57 | D:1      | Reached skill level 1 in Maces & Flails
    86 | D:1      | Reached XP level 2. HP: 27/29 MP: 2/2
   441 | D:1      | Reached XP level 3. HP: 37/37 MP: 3/3
  1243 | D:2      | Reached XP level 4. HP: 44/45 MP: 4/4
  1390 | D:2      | Found a hide-covered altar of Uskayaw.
  3358 | D:2      | Reached XP level 5. HP: 40/54 MP: 5/5
  4421 | D:4      | Noticed an ogre
  4430 | D:4      | HP: 1/54 [ogre/giant spiked club (24)]
  4432 | D:4      | Killed an ogre
  4432 | D:4      | Reached skill level 5 in Throwing
  4432 | D:4      | Reached XP level 6. HP: 2/63 MP: 6/6
  5000 | D:4      | Found a staircase to the Ecumenical Temple.
  5402 | D:4      | Reached skill level 5 in Fighting
  6461 | D:4      | Reached XP level 7. HP: 72/72 MP: 7/7
  6485 | D:4      | Found an iron altar of Okawaru.
  6485 | D:4      | Found an opulent altar of Gozag.
  6561 | D:4      | Found a bloodstained altar of Trog.
  6566 | D:4      | Became a worshipper of Trog the Wrathful
  6995 | D:5      | Entered Level 5 of the Dungeon
  7242 | D:5      | Killed from afar by an orc

Skill      XL: |  1  2  3  4  5  6 |
---------------+-------------------+-----
Maces & Flails | 1 2 3 4 |  4.9
Fighting       | 3 4 5 |  5.9
Dodging        | 2 3 |  3.8
Throwing       | 5 |  5.8
Stealth        | |  0.6

Action                   |  1- 3 |  4- 6 |  7- 9 || total
-------------------------+-------+-------+-------++-------
Melee: Club              |   128 |    94 |       ||   222
       Short sword       |     5 |       |       ||     5
       Flail             |       |   110 |       ||   110
       Whip              |       |    28 |    45 ||    73
       Giant spiked club |       |       |     4 ||     4
Throw: Large rock        |    11 |    22 |     2 ||    35
       Throwing net      |     2 |     2 |       ||     4
       Tomahawk          |       |     4 |       ||     4
Evoke: Wand              |       |       |     3 ||     3
  Use: Scroll            |     1 |     3 |     4 ||     8
       Potion            |       |     6 |       ||     6
 Stab: Sleeping          |     2 |     1 |       ||     3
  Eat: Chunk             |     9 |    20 |     1 ||    30
Armor: Robe              |    47 |    80 |     7 ||   134
Dodge: Dodged            |   104 |   152 |    32 ||   288
